 Dungeon Crawl Stone Soup version 0.24-a0-640-ge7cd8ce (webtiles) character file.

Game seed: 743071212797357019, levelgen mode: deterministic

2552 Spazmo the Thaumaturge (level 9, -11/45 HPs)
             Began as a Deep Elf Fire Elementalist on Sept 25, 2019.
             Was a Believer of Vehumet.
             Mangled by an ogre
             ... wielding a +0 giant club
              (30 damage)
             ... on level 7 of the Dungeon.
             The game lasted 00:21:13 (6505 turns).

Spazmo the Thaumaturge (Deep Elf Fire Elementalist) Turns: 6505, Time: 00:21:14

Health: -11/45     AC:  3    Str:  5    XL:     9   Next: 31%
Magic:  5/25       EV: 17    Int: 26    God:    Vehumet [**....]
Gold:   304        SH:  0    Dex: 15    Spells: 13/28 levels left

rFire    . . .     SeeInvis .   b - staff of energy
rCold    + + .     Gourm    +   (no shield)
rNeg     . . .     Faith    .   a - +1 robe
rPois    .         Spirit   .   (no helmet)
rElec    .         Reflect  .   (no cloak)
rCorr    .         Harm     .   (no gloves)
MR       .....                  (no boots)
Stlth    ++........             v - amulet of the gourmand
HPRegen  0.15/turn              k - ring of protection from cold
MPRegen  0.19/turn              f - +4 ring of evasion

@: no status effects
A: clever 1, cold resistance 1
a: Renounce Religion


You were on level 7 of the Dungeon.
You worshipped Vehumet.
Vehumet was pleased with you.
You were very full.

You visited 2 branches of the dungeon, and saw 8 of its levels.
You also visited: Sewer.

You collected 304 gold pieces.

Inventory:

Hand Weapons
 s - a +3 dagger of electrocution
Missiles
 e - 160 stones (quivered)
Armour
 a - a +1 robe (worn)
Magical Staves
 b - an uncursed staff of energy (weapon)
Jewellery
 f - a +4 ring of evasion (right hand)
 h - an uncursed ring of resist corrosion
 k - a ring of protection from cold (left hand)
 v - an amulet of the gourmand (around neck)
Wands
 m - a wand of clouds (4)
Scrolls
 d - a scroll of amnesia
 g - a scroll of magic mapping
 n - 6 scrolls of teleportation
 o - 2 scrolls of blinking
Potions
 i - a potion of heal wounds
 j - a potion of invisibility
 l - a potion of haste
 p - 2 potions of resistance
 w - a potion of mutation
Comestibles
 c - 14 rations


   Skills:
 - Level 2.4 Dodging
 - Level 2.4 Stealth
 + Level 10.0 Spellcasting
 + Level 8.1 Conjurations
 + Level 8.6 Fire Magic


You had 13 spell levels left.
You knew the following spells:

 Your Spells              Type           Power        Failure   Level  Hunger
a - Flame Tongue          Conj/Fire      #####        1%          1    None
b - Throw Flame           Conj/Fire      ######       1%          2    None
c - Conjure Flame         Conj/Fire      ######..     1%          3    None
d - Sticky Flame          Conj/Fire      ######..     1%          4    None
e - Fireball              Conj/Fire      ######....   4%          5    None

Your spell library contained the following spells:

 Spells                   Type           Power        Failure   Level  Hunger
 Magic Dart               Conj           ####         1%          1    None
 Inner Flame              Hex/Fire       #####...     2%          3    None
 Animate Skeleton         Necr           N/A          4%          1    None
 Apportation              Tloc           ##....       4%          1    None
 Confusing Touch          Hex            ##....       4%          1    None
 Summon Small Mammal      Summ           ##..         4%          1    None


Dungeon Overview and Level Annotations

Branches:
Dungeon (7/15)             Temple (1/1) D:5           Sewer (visited)

Altars:
Cheibriados
Dithmenos
Fedhas
Hepliaklqana
Kikubaaqudgha
Makhleb
Nemelex Xobeh
Okawaru
Qazlal
Ru
Sif Muna
Trog
Uskayaw
Vehumet
Wu Jian
Xom
Yredelemnul
Zin
The Shining One

Shops:
D:6 (


Innate Abilities, Weirdness & Mutations

Your mind is acute. (Int +2)
Your flesh is cold resistant. (rC+)


Message History

An orc comes into view. It is wielding a +0 hand axe.
Casting: Flame Tongue (safe; 1% risk of failure)
Confirm with . or Enter, or press ? or * to list all spells.
Aiming: Flame Tongue (safe; 1% risk of failure)
Press: ? - help, Shift-Dir - straight line, f - orc
Aim: an orc, wielding a +0 hand axe (hasn't noticed you)
The flame tongue hits the orc.
You kill the orc!
Vehumet accepts your kill.
Casting: Flame Tongue (safe; 1% risk of failure)
Confirm with . or Enter, or press ? or * to list all spells.
Aiming: Sticky Flame (safe; 1% risk of failure)
Press: ? - help, Shift-Dir - straight line, f - ogre
Aim: an ogre, wielding a +0 giant club The sticky flame hits the ogre.
The ogre is lightly wounded.
The ogre is covered in liquid flames!
The ogre burns!
The ogre hits you with a +0 giant club!!
Ouch! That really hurt!
You die...

#####.......
..#.......##
#..........#
#..........##
.............
#.#.......# #
#.##.....##.# #.#
#@......#..
#.####O........
#......)...)... #
#.O#######.....
#.#######.........
.)..
#.................
...
####..####.#######
#..# #.# .# #..#
#.#######..#.


You could see an ogre (burning).

Vanquished Creatures
  Sigmund (D:2)
  Eustachio (D:6)
  3 sky beasts
  A phantom (D:5)
  A necrophage (D:5)
  5 big kobolds (Sewer)
  A bullfrog (D:7)
  2 scorpions
  A wyvern skeleton (D:6)
  A vampire bat (D:4)
  A howler monkey (D:6)
  A crimson imp (D:6)
  A jelly (D:6)
  3 hounds
  6 orc priests
  4 orc wizards
  7 worker ants
  13 adders
  12 gnolls
  2 howler monkey skeletons
  2 river rats (Sewer)
  A shadow imp (D:5)
  5 oozes
  An adder skeleton (D:4)
  5 worms
  A dart slug (D:1)
  3 fire bats (D:4)
  6 leopard geckos
  28 orcs
  2 spectral bats (D:4)
  3 bat skeletons (D:4)
  A bat zombie (D:4)
  6 giant cockroaches
  9 goblins
  6 hobgoblins
  16 jackals
  4 quokkas
  3 ball pythons
  21 bats
  A bat simulacrum (D:4)
  A frilled lizard (D:3)
  14 kobolds
  2 leopard gecko skeletons
  2 quokka skeletons
  A quokka zombie (D:6)
  12 rats
223 creatures vanquished.

Notes
Turn   | Place    | Note
-------+----------+-------------------------------------------
     0 | D:1      | Spazmo the Deep Elf Fire Elementalist began the quest for
                  | the Orb.
     0 | D:1      | Reached XP level 1. HP: 10/10 MP: 6/6
   194 | D:1      | Reached XP level 2. HP: 2/15 MP: 0/8
   198 | D:1      | Learned a level 2 spell: Throw Flame
   363 | D:1      | Found a glowing golden altar of the Shining One.
   704 | D:1      | Reached XP level 3. HP: 17/19 MP: 6/10
   814 | D:1      | Learned a level 3 spell: Conjure Flame
  1172 | D:2      | Reached skill level 4 in Spellcasting
  1387 | D:2      | Found a stormy altar of Qazlal.
  1508 | D:2      | Reached XP level 4. HP: 15/24 MP: 4/12
  1896 | D:2      | Noticed Sigmund
  1899 | D:2      | Gained mutation: Your mind is acute. (Int +2) [potion of
                  | mutation]
  1899 | D:2      | Gained mutation: Your flesh is cold resistant. (rC+)
                  | [potion of mutation]
  1908 | D:2      | Killed Sigmund
  1908 | D:2      | Reached skill level 5 in Spellcasting
  1908 | D:2      | Reached skill level 5 in Fire Magic
  1908 | D:2      | Reached XP level 5. HP: 28/28 MP: 5/14
  1916 | D:2      | Learned a level 4 spell: Sticky Flame
  2089 | D:2      | Reached XP level 6. HP: 32/32 MP: 11/16
  2096 | D:2      | Learned a level 5 spell: Fireball
  2388 | D:3      | Reached skill level 6 in Spellcasting
  2543 | D:3      | Found a hazy altar of Hepliaklqana.
  2907 | D:4      | Found a glowing golden altar of the Shining One.
  2907 | D:4      | Found a bloodstained altar of Trog.
  2912 | D:4      | Reached XP level 7. HP: 36/36 MP: 8/18
  3317 | D:4      | Reached skill level 5 in Conjurations
  3763 | D:4      | Reached skill level 7 in Spellcasting
  3875 | D:5      | Entered Level 5 of the Dungeon
  3965 | D:5      | Found a staircase to the Ecumenical Temple.
  3972 | Temple   | Entered the Ecumenical Temple
  4013 | Temple   | Became a worshipper of Vehumet
  4072 | D:5      | Reached XP level 8. HP: 41/41 MP: 9/21
  4179 | D:5      | Found a glowing drain.
  4185 | Sewer    | Entered a sewer
  4447 | Sewer    | Reached skill level 8 in Spellcasting
  4541 | Sewer    | Reached * piety under Vehumet
  4541 | Sewer    | Offered knowledge of Sting by Vehumet.
  5657 | D:5      | Reached skill level 9 in Spellcasting
  5841 | D:6      | Noticed Eustachio
  5848 | D:6      | Killed Eustachio
  5848 | D:6      | Reached XP level 9. HP: 43/45 MP: 14/24
  6003 | D:6      | Found Qekennau's Weapon Shop.
  6077 | D:6      | Found a stormy altar of Qazlal.
  6257 | D:6      | Reached ** piety under Vehumet
  6340 | D:6      | Offered knowledge of Magic Dart by Vehumet.
  6469 | D:7      | Reached skill level 10 in Spellcasting
  6505 | D:7      | Mangled by an ogre

Levels and vault maps discovered:
D:1:      dpeg_arrival_renting, layout_basic, tso_metal_star
D:2:      layout_basic, nicolae_qazlal_general_emergency, first_ration,
          uniq_sigmund
D:3:      layout_rooms, lemuel_crystal_altar
D:4:      layout_rooms, grunt_temple_overflow_open,
          hangedman_abyss_or_decor_passed, goddamned_bats
D:5:      layout_basic, minmay_temple_entry_statues_pillars,
          gup_sewer_entry_spiral
D:6:      layout_basic, serial_shops, shop, basic_altar, uniq_eustachio
D:7:      layout_loops_ring, kennysheep_mini
Temple:   compressed_dpeg_circular_temple

Skill      XL: |  1  2  3  4  5  6  7  8  9 |
---------------+----------------------------+-----
Conjurations   | 2 3 4 5 7 8 |  8.1
Spellcasting   | 4 5 6 7 9 10 | 10.0
Fire Magic     | 4 5 6 8 |  8.6
Dodging        | |  2.4
Stealth        | |  2.4

Action                   |  1- 3 |  4- 6 |  7- 9 || total
-------------------------+-------+-------+-------++-------
Melee: Unarmed           |     1 |       |       ||     1
       Dagger            |       |       |    15 ||    15
       Staff             |       |       |     2 ||     2
 Cast: Flame Tongue      |    81 |    81 |   212 ||   374
       Throw Flame       |     1 |    11 |    42 ||    54
       Sticky Flame      |       |     3 |     5 ||     8
       Fireball          |       |       |     3 ||     3
  Use: Scroll            |     4 |     8 |     9 ||    21
       Potion            |     1 |     1 |     1 ||     3
  Eat: Chunk             |     2 |     4 |    28 ||    34
Armor: Robe              |     4 |     5 |    20 ||    29
Dodge: Dodged            |    26 |    20 |   143 ||   189

Table legend:
 A = Non-vault XP
 B = Vault XP
 C = Vault XP percentage of total XP
 D = Non-vault monster count
 E = Vault monster count
 F = Vault count percentage of total count
                 A         B        C        D         E       F
            +---------+---------+-------+---------+---------+-------
      Total |    2410 |    1236 |  33.9 |     166 |      57 |  25.6
            +---------+---------+-------+---------+---------+-------
        D:1 |      61 |       0 |   0.0 |      34 |       0 |   0.0
        D:2 |     108 |     223 |  67.4 |      20 |       1 |   4.8
        D:3 |     320 |       0 |   0.0 |      36 |       0 |   0.0
        D:4 |     228 |     180 |  44.1 |      20 |      20 |  50.0
        D:5 |     629 |      30 |   4.6 |      19 |       7 |  26.9
        D:6 |     809 |     185 |  18.6 |      26 |       1 |   3.7
        D:7 |     255 |       0 |   0.0 |      11 |       0 |   0.0
      Sewer |       0 |     618 | 100.0 |       0 |      28 | 100.0
            +---------+---------+-------+---------+---------+-------
